 Dungeon Crawl Stone Soup version 0.32-a0-585-gef4fe23122 (webtiles) character file.

Game seed: 6873348506219804082

1992025 Flugkiller the Heavyweight Champion (level 24, 267/267 HPs)
             Began as a Troll Shapeshifter on Mar 2, 2024.
             Was a High Priest of Wu Jian.
             Escaped with the Orb
             ... and 3 runes on Mar 3, 2024!
             The game lasted 01:15:25 (47376 turns).

Flugkiller the Heavyweight Champion (TrSh)         Turns: 47376, Time: 01:15:26

Health: 267/267    AC: 35    Str: 41    XL:     24   Next: 86%
Magic:  22/22      EV: 12    Int: 12    God:    Wu Jian [*****.]
Gold:   3067       SH: 19    Dex: 11    Spells: 23/23 levels left

rFire   + +          .
                       - Unarmed
rCold   + . .        G - +2 kite shield {AC+3}
rNeg    . . .        x - +5 gold dragon scales
rPois   +            p - +2 hat of the Bear Spirit {Spirit, Bear, *Rage Will++}
rElec   .            Q - +2 cloak {rF+}
rCorr   .            (gloves unavailable)
SInv    +            (boots unavailable)
Will    +++..        X - amulet of reflection Stlth
                     v - +5 ring of evasion
HPRegen 1.44/turn    r - ring "Nibuowk" {^Drain Str+6 Int+8 SInv Stlth-}
MPRegen 0.18/turn

%: random rage (20%), reflection, guardian spirit
@: studying Armour
A: large, unfitting armour, claws 3, regeneration 1, shaggy fur 1, tough skin 1,
dopey 1
0: Orb of Zot
}: 3/15 runes: serpentine, barnacled, silver
a: Renounce Religion, Wall Jump, Serpent's Lash, Heavenly Storm


You escaped.
You worshipped Wu Jian.
Wu Jian was extremely pleased with you.
You visited 9 branches of the dungeon, and saw 45 of its levels.
You also visited: Ossuary, Bailey, Ice Cave and Desolation.

You collected 6391 gold pieces.
You spent 3324 gold pieces at shops.

Inventory:

Missiles
 J - 111 large rocks
 L - 8 curare-tipped darts
 M - 4 throwing nets
 T - 22 boomerangs (quivered)
Armour
 p - the +2 hat of the Bear Spirit (worn) {Spirit, Bear, *Rage Will++}
   (You found it in a bailey)

   Bear:      Going berserk makes the wearer exceptionally tough, and they are
   slowed for a shorter time afterward.
   Will++:    It greatly increases your willpower.
   *Rage:     It berserks you when you make melee attacks (+20% chance).
 x - +5 gold dragon scales (worn)
   (You found it on level 3 of the Depths)
 G - a +2 kite shield of protection (worn)
   (You acquired it on level 2 of the Orcish Mines)
 Q - a +2 cloak of fire resistance (worn)
   (You bought it in a shop on level 11 of the Dungeon)
 W - the quicksilver dragon scales of Fortitude {Will+ Dex+6}
   (You bought it in a shop on level 1 of the Vaults)

   Dex+6:     It affects your dexterity (+6).
   Will+:     It increases your willpower.
Jewellery
 c - a +5 ring of evasion
   (You took it off a vault sentinel on level 5 of the Vaults)
 f - the ring "Valumi" {rElec rC+ rN+ Int+4 SInv}
   (You found it on level 5 of the Vaults)

   [ring of protection from cold]

   Int+4:     It affects your intelligence (+4).
   rC+:       It protects you from cold.
   rElec:     It insulates you from electricity.
   rN+:       It protects you from negative energy.
   SInv:      It lets you see invisible.
 m - a ring of willpower
   (You found it on level 4 of the Shoals)
 r - the ring "Nibuowk" (right claw) {^Drain Str+6 Int+8 SInv Stlth-}
   (You found it on level 1 of the Vaults)

   [ring of strength]

   Str+6:     It affects your strength (+6).
   Int+8:     It affects your intelligence (+8).
   SInv:      It lets you see invisible.
   ^Drain:    It drains your maximum health when unequipped.
   Stlth-:    It makes you less stealthy.
 v - a +5 ring of evasion (left claw)
   (You took it off a vault sentinel on level 2 of the Vaults)
 y - a ring of flight
   (You found it on level 3 of the Depths)
 D - the ring "Amin" {rF++ Will+ Str+3 Int+2 Stlth+}
   (You found it in the Desolation of Salt)

   [ring of willpower]

   Str+3:     It affects your strength (+3).
   Int+2:     It affects your intelligence (+2).
   rF++:      It greatly protects you from fire.
   Will+:     It increases your willpower.
   Stlth+:    It makes you more stealthy.
 F - a +5 ring of evasion
   (You took it off a vault guard on level 5 of the Vaults)
 X - an amulet of reflection (around neck)
   (You found it on level 1 of the Shoals)
Wands
 g - a wand of acid (57)
   (You found it on level 6 of the Dungeon)
 i - a wand of roots (30)
   (You took it off a kobold on level 8 of the Dungeon)
 k - a wand of mindburst (34)
   (You found it on level 4 of the Lair of Beasts)
 u - a wand of paralysis (49)
   (You found it on level 8 of the Dungeon)
 C - a wand of polymorph (29)
   (You found it on level 8 of the Dungeon)
 Y - a wand of digging (2)
   (You found it on level 4 of the Shoals)
Scrolls
 a - 2 scrolls of revelation
 j - 13 scrolls of poison
 l - 3 scrolls of vulnerability
 t - 12 scrolls of teleportation
 z - 6 scrolls of blinking
 A - 3 scrolls of summoning
 B - 5 scrolls of fog
 E - 8 scrolls of fear
 U - 4 scrolls of immolation
Potions
 b - 4 potions of magic
 d - 11 potions of might
 e - 16 potions of mutation
 h - 9 potions of haste
 n - 2 potions of resistance
 q - 23 potions of curing
 s - 4 potions of invisibility
 w - 14 potions of heal wounds
 N - 4 potions of cancellation
 S - 4 potions of enlightenment
 V - 3 potions of ambrosia
Miscellaneous
 K - a phantom mirror
   (You found it on level 10 of the Dungeon)
 O - a lightning rod (4/4)
   (You found it on level 12 of the Dungeon)
 R - a phial of floods
   (You found it in an ice cave)


   Skills:
 + Level 20.9 Fighting
 - Level 18.0 Throwing
 - Level 14.0 Armour
 - Level 8.0 Dodging
 - Level 13.0 Shields
 O Level 27 Unarmed Combat
 - Level 4.7 Shapeshifting


You had 23 spell levels left.
You didn't know any spells.
Your spell library contained the following spells:

 Spells                   Type           Power      Damage    Failure   Level
 Foxfire                  Conj/Fire      0%         2x1d4     98%         1
 Freeze                   Ice            0%         1d3       98%         1
 Necrotise                Necr           0%         1d4       98%         1
 Sandblast                Erth           0%         2d4       98%         1
 Shock                    Conj/Air       0%         1d3       98%         1
 Slow                     Hex            0%         N/A       98%         1
 Summon Small Mammal      Summ           0%         N/A       98%         1
 Call Imp                 Summ           0%         N/A       99%         2
 Cigotuvi's Dreadful Rot  Necr/Alch/Air  0%         N/A       99%         2
 Ensorcelled Hibernation  Hex/Ice        0%         N/A       99%         2
 Lesser Beckoning         Tloc           0%         N/A       99%         2
 Momentum Strike          Conj/Tloc      0%         3d8       99%         2
 Sublimation of Blood     Necr           0%         N/A       99%         2
 Call Canine Familiar     Summ           0%         N/A       100%        3
 Confusing Touch          Hex            0%         N/A       100%        3
 Dazzling Flash           Conj/Hex       0%         N/A       100%        3
 Frozen Ramparts          Ice            0%         1d1       100%        3
 Fugue of the Fallen      Necr           0%         N/A       100%        3
 Gell's Gravitas          Tloc           0%         N/A       100%        3
 Hailstorm                Conj/Ice       0%         3d5       100%        3
 Inner Flame              Hex/Fire       0%         N/A       100%        3
 Mephitic Cloud           Conj/Alch/Air  0%         N/A       100%        3
 Ozocubu's Armour         Ice            0%         N/A       100%        3
 Passwall                 Erth           0%         N/A       100%        3
 Sigil of Binding         Hex            0%         N/A       100%        3
 Stone Arrow              Conj/Erth      0%         3d7       100%        3
 Summon Ice Beast         Ice/Summ       0%         N/A       100%        3
 Swiftness                Air            0%         N/A       100%        3
 Teleport Other           Tloc           0%         N/A       100%        3
 Tukima's Dance           Hex            0%         N/A       100%        3
 Vampiric Draining        Necr           0%         2d6       100%        3
 Animate Armour           Summ/Erth      0%         N/A       100%        4
 Animate Dead             Necr           0%         N/A       100%        4
 Brom's Barrelling Bould  Conj/Erth      0%         2d3       100%        4
 Dimensional Bullseye     Hex/Tloc       0%         N/A       100%        4
 Dispel Undead            Necr           0%         3d6       100%        4
 Flame Wave               Conj/Fire      0%         2d4       100%        4
 Ignite Poison            Fire/Alch      0%         N/A       100%        4
 Iskenderun's Mystic Bla  Conj/Tloc      0%         2d3       100%        4
 Leda's Liquefaction      Alch/Erth      0%         N/A       100%        4
 Manifold Assault         Tloc           0%         N/A       100%        4
 Martyr's Knell           Necr/Summ      0%         N/A       100%        4
 Passage of Golubria      Tloc           0%         N/A       100%        4
 Petrify                  Alch/Erth      0%         N/A       100%        4
 Sticky Flame             Fire/Alch      0%         2d4       100%        4
 Summon Blazeheart Golem  Fire/Summ      0%         N/A       100%        4
 Summon Lightning Spire   Summ/Air       0%         N/A       100%        4
 Vhi's Electric Charge    Tloc/Air       0%         N/A       100%        4
 Alistair's Intoxication  Alch           0%         N/A       100%        5
 Borgnjor's Vile Clutch   Necr/Erth      0%         N/A       100%        5
 Curse of Agony           Necr           0%         N/A       100%        5
 Fireball                 Conj/Fire      0%         3d3       100%        5
 Freezing Cloud           Conj/Ice/Air   0%         6-21      100%        5
 Iskenderun's Battlesphe  Conj           0%         2d6       100%        5
 Metabolic Englaciation   Hex/Ice        0%         N/A       100%        5
 Silence                  Hex/Air        0%         N/A       100%        5
 Summon Forest            Summ/Tloc      0%         N/A       100%        5
 Summon Mana Viper        Hex/Summ       0%         N/A       100%        5
 Conjure Ball Lightning   Conj/Air       0%         3x3d6     100%        6
 Death Channel            Necr           0%         N/A       100%        6
 Dispersal                Tloc           0%         N/A       100%        6
 Eringya's Noxious Bog    Alch           0%         4d6       100%        6
 Plasma Beam              Fire/Air       0%         2x1d10    100%        6
 Sculpt Simulacrum        Ice/Alch       0%         N/A       100%        6
 Starburst                Conj/Fire      0%         6d3       100%        6
 Haunt                    Necr/Summ      0%         N/A       100%        7
 Malign Gateway           Summ/Tloc      0%         N/A       100%        7
 Monstrous Menagerie      Summ           0%         N/A       100%        7
 Orb of Destruction       Conj           0%         9d5       100%        7
 Ozocubu's Refrigeration  Ice            0%         4d7       100%        7
 Spellforged Servitor     Conj/Summ      0%         N/A       100%        7
 Summon Hydra             Summ           0%         N/A       100%        7
 Borgnjor's Revivificati  Necr           0%         N/A       100%        8
 Disjunction              Tloc           0%         N/A       100%        8
 Lehudib's Crystal Spear  Conj/Erth      0%         10d2      100%        8
 Summon Horrible Things   Summ           0%         N/A       100%        8
 Chain Lightning          Conj/Air       0%         N/A       100%        9
 Death's Door             Necr           0%         N/A       100%        9
 Fire Storm               Conj/Fire      0%         5d1       100%        9
 Shatter                  Erth           0%         3d5*      100%        9


Dungeon Overview and Level Annotations

Branches:
Dungeon (15/15)            Temple (1/1) D:4            Lair (5/5) D:11
 Shoals (4/4) Lair:2        Snake (4/4) Lair:2        Slime (0/5) Lair:4
    Orc (2/2) D:11            Elf (0/3) Orc:2        Vaults (5/5) D:14
  Crypt (0/3) Vaults:3     Depths (4/4) D:15            Zot (5/5) Depths:4
Ossuary (visited)          Bailey (visited)           IceCv (visited)
Desolation (visited)

Altars:
Ashenzari
Cheibriados
Dithmenos
Elyvilon
Fedhas
Gozag
Hepliaklqana
Kikubaaqudgha
Makhleb
Nemelex Xobeh
Okawaru
Qazlal
Ru
Sif Muna
Trog
Uskayaw
Vehumet
Wu Jian
Xom
Yredelemnul
Zin
The Shining One
Lugonu

Shops:
D:3 *   D:6 (   D:11 *   D:15 [   Orc:1 *   Orc:2 ([!*   Shoals:4 *   Snake:1 [
Vaults:1 [   Vaults:2 [   Depths:1 *

Portals:
Hell: Depths:1 Depths:2 Depths:3 Depths:4
Abyss: Lair:5 Depths:2 Depths:3
Pandemonium: Depths:1 Depths:2
Ziggurat: Depths:1

Annotations:
D:12 1 runed translucent door
D:14 2 transporters, Uzxid's ghost, journeyman MfGl
Lair:5 exclusion: oklob plant
Zot:1 1 runed translucent door, Nanua's ghost, legendary GnRe
Zot:3 exclusion: downstairs
Zot:5 1 exclusion


Innate Abilities, Weirdness & Mutations

You are too large for most types of armour.
You have claws for hands.
Your natural rate of healing is unusually fast.
You are covered in fur. (AC +1)
You have tough skin. (AC +1)
You are dopey. (Int -2)


Message History

Your life force feels restored.
Unknown command.
You spin and attack the demonspawn blood saint repeatedly.
You claw the demonspawn blood saint!
The demonspawn blood saint is heavily wounded.
A red film seems to cover your vision as you go berserk!
You feel yourself moving faster!
You feel mighty!
You eviscerate the demonspawn blood saint!!!
You kill the demonspawn blood saint!
The Council accepts your kill.
Unknown command.
Things that are here:
a +0 dagger; a +0 robe You feel a strong urge to attack something.
There is a stone staircase leading up here.
You feel your anger nearly subside.
You are no longer berserk.
You are exhausted.
You feel yourself slow down.
You climb upwards.
There is a stone staircase leading down here.
What level of the Dungeon? (default 1, ? - help)
The heavenly storm settles.
Unknown command.
There is a stone staircase leading up here.
You climb upwards.
There is a stone staircase leading down here.
What level of the Dungeon? (default 1, ? - help)
You feel yourself speed up.
There is a stone staircase leading up here.
You climb upwards.
There is a stone staircase leading down here.
There is a stone staircase leading up here.
You climb upwards.
There is a stone staircase leading down here.
You recover from your berserk rage.
There is a stone staircase leading up here.
You climb upwards.
There is a stone staircase leading down here.
A cacodemon comes into view.
The cacodemon shouts!
Unknown command.
You hear a grinding noise.
You hear a grinding noise.
An orange demon comes into view.
A sixfirhy comes into view.
The orange demon screeches!
The sixfirhy hits you but does no damage.
You block the sixfirhy's attack. x2
Unknown command.
You eviscerate the sixfirhy!!!
You kill the sixfirhy!
The Council accepts your kill.
Your muscles tense, ready for explosive movement...
You lunge with incredible momentum at the cacodemon, in a flurry of attacks.
You eviscerate the cacodemon!!!
The cacodemon is heavily wounded.
You eviscerate the cacodemon!!!!
You kill the cacodemon!
The Council accepts your kill.
You lunge with incredible momentum at the orange demon, in a flurry of attacks.
You eviscerate the orange demon!!!!
You kill the orange demon!
The Council accepts your kill.
Your supernatural speed expires.
Unknown command.
You feel less exhausted.
There is a stone staircase leading up here.
You climb upwards.
There is a stone staircase leading down, spattered with blood here.
Items here: )) [[.
An Orb Guardian comes into view.
The Orb Guardian hits you.
You spin and attack the Orb Guardian repeatedly.
You claw the Orb Guardian!
The Orb Guardian is lightly wounded.
You mangle the Orb Guardian!!
The Orb Guardian is heavily wounded.
The Orb Guardian barely misses you.
The Orb Guardian attacks as it pursues you!
The Orb Guardian hits you but does no damage.
You spin and attack the Orb Guardian repeatedly.
You eviscerate the Orb Guardian!!!
You kill the Orb Guardian!
The Council accepts your kill.
There is a stone staircase leading up here.
You climb upwards.
There is a stone staircase leading down here.
There is a stone staircase leading up here.
You climb upwards.
There is a stone staircase leading down here.
There is a stone staircase leading up here.
You climb upwards.
There is a stone staircase leading down here.
There is a stone staircase leading up here.
You climb upwards.
There is a stone staircase leading down here.
There is a staircase leading out of the dungeon here.
Unknown command.
Enter note: gg You have escaped!

#.###... #.....>. #.###..#
#.###... #..##... ## ♣♣♣♣♣
#..##... .# ♣♣.♣.♣♣♣♣♣♣#..###..
.# ♣♣♣♣♣.[..♣♣...♣#..#####
.########♣♣.♣♣..@........#.....##
........#.♣...♣....♣♣.(♣...###.#.
.######......♣♣.♣♣♣♣.♣♣♣♣### #.#.
.# #...♣♣.♣♣♣♣ ♣♣♣ #... .#
###♣.♣♣♣ #... .# ♣♣♣ ###. .#
#######. .# #....... .# #####
########


There were no monsters in sight!

Vanquished Creatures
  4 dread liches
  4 ancient liches (Zot:5)
  2 orbs of fire (Zot:5)
  Josephina (Depths:3)
  Sojobo (Vaults:4)
  Vv (Depths:3)
  2 Killer Klowns
  Vashnia (Snake:2)
  A caustic shrike (Depths:3)
  10 golden dragons
  A pandemonium lord (D:11)
  An electric golem (Zot:5)
  8 tentacled monstrosities
  An Ice Fiend (D:11)
  20 Orb Guardians
  2 liches
  2 walking earthen tomes (Depths:3)
  4 quicksilver dragons
  2 titans (Vaults:5)
  Mlioglotl (Shoals:2)
  A walking frostbound tome (Depths:3)
  Asterion (Vaults:1)
  4 sphinxes
  6 death cobs
  A kraken (Shoals:2)
  Frances (Snake:2)
  Polyphemus (Shoals:2)
  8 tengu reavers
  10 storm dragons
  4 shadow dragons
  Aizul (Snake:2)
  15 nagarajas
  2 draconian monks
  2 fenstrider witches (Depths:1)
  A draconian knight (Zot:4)
  2 protean progenitors (Zot:2)
  5 fire giants
  5 draconian shifters
  6 vault wardens
  A deep elf sorcerer (Vaults:5)
  7 frost giants
  2 draconian scorchers
  An imperial myrmidon (Desolation)
  2 iron dragons (Depths:3)
  A ghost moth (Zot:3)
  3 balrugs
  A cacodemon (D:6)
  An orc warlord (Vaults:2)
  6 draconian stormcallers
  2 spriggan defenders
  2 formless jellyfish
  A demonspawn blood saint (D:11)
  2 draconian annihilators
  31 very ugly things
  4 ironbound thunderhulks
  16 ironbound preservers
  18 stone giants
  8 green draconians
  2 deep elf demonologists (Vaults:5)
  18 dire elephants
  3 vampire knights
  Nessos (D:15)
  9 yellow draconians
  6 red draconians
  A lorocyproca (D:11)
  A demonspawn black sun (D:11)
  4 war gargoyles
  2 deep elf death magi (Vaults:5)
  6 purple draconians
  6 black draconians
  8 spark wasps
  A deep elf annihilator (D:12)
  A blizzard demon (D:11)
  A quicksilver dragon zombie (D:15)
  2 minotaurs (Zot:2)
  2 jiangshi (Depths:2)
  6 ettins
  9 white draconians
  8 fire dragons
  An entropy weaver (shapeshifter) (Lair:5)
  8 ragged hierophants (Desolation)
  8 crystal guardians
  3 merfolk javelineers (Shoals:4)
  An entropy weaver (Vaults:2)
  5 merfolk impalers
  11 yaktaur captains
  3 deep elf high priests (Vaults:5)
  7 great orbs of eyes
  Fannar (D:11)
  5 rakshasas
  2 salamander tyrants
  A hell beast (Depths:3)
  4 hydras
  Harold (Lair:1)
  25 vault guards (Vaults:5)
  Erolcha (D:11)
  3 ice dragons
  3 catoblepae
  3 servants of whispers (Desolation)
  5 spriggan air magi
  8 centaur warriors
  10 peacekeepers
  6 merfolk avatars
  The ghost of Uvurr the Carver, a journeyman AtWr of Hepliaklqana (Lair:1)
  3 ogre magi
  2 boulder beetles
  4 merfolk aquamancers (Shoals:4)
  3 ironbound frosthearts
  11 anacondas
  13 two-headed ogres
  Erica (D:9)
  2 jorogumos (Depths:1)
  5 tengu warriors
  A satyr (Shoals:4)
  A sphinx skeleton (Vaults:5)
  2 deep troll shamans
  12 deep troll earth magi
  5 shock serpents
  A demonic crawler (Zot:1)
  2 vampire magi
  A hell knight (Depths:3)
  5 occultists (Depths:2)
  2 thrashing horrors (Lair:5)
  17 naga sharpshooters
  19 naga warriors
  7 death yaks
  5 spriggan berserkers
  A storm dragon zombie (D:15)
  A shadow wraith (Vaults:5)
  7 salamander mystics
  3 skysharks
  6 sun demons
  A spectral spark wasp (Depths:3)
  9 iron trolls
  A quicksilver dragon simulacrum (Depths:3)
  3 sixfirhies
  A deep troll (shapeshifter) (Vaults:5)
  5 skeletal warriors (D:15)
  2 glowing orange brains
  8 bog bodies
  12 sea snakes
  A spark wasp zombie (D:15)
  7 flayed ghosts
  10 naga ritualists
  8 mana vipers
  46 deep trolls
  2 deep elf archers (D:10)
  A kraken simulacrum (Shoals:4)
  9 lindwurms
  7 arcanists
  16 ironbound convokers
  7 orc knights
  24 harpies
  A harpy (shapeshifter) (D:13)
  A wolf spider zombie (D:15)
  A lindwurm (shapeshifter) (D:15)
  3 deep elf pyromancers
  An orb spider (shapeshifter) (Vaults:5)
  5 phantasmal warriors (Vaults:5)
  A deep elf zephyrmancer (Bailey)
  3 necromancers
  9 fauns
  56 ugly things
  An orc sorcerer (Orc:2)
  A sphinx simulacrum (Depths:4)
  5 cyclopes
  18 moths of wrath
  A stone giant zombie (Depths:1)
  9 manticores
  Maurice (D:11)
  A large abomination (Lair:5)
  A moth of wrath (shapeshifter) (Vaults:5)
  19 salamanders
  8 guardian serpents
  6 meliai
  6 merfolk sirens
  A stone giant skeleton (Vaults:5)
  4 centaur zombies (D:15)
  5 elephants (Lair:4)
  A smoke demon (Depths:1)
  50 black mambas
  22 vault sentinels
  23 naga magi
  A black mamba (shapeshifter) (D:13)
  A molten gargoyle (Desolation)
  6 water nymphs
  An ice statue (IceCv)
  2 titan simulacra (Depths:4)
  2 eyes of devastation (shapeshifter) (Vaults:5)
  A toenail golem (D:11)
  2 gargoyles (D:12)
  A rime drake (Lair:3)
  Maggie (D:9)
  An unseen horror (shapeshifter) (D:10)
  Jeremiah (Lair:1)
  14 cane toads
  2 orange demons
  A hellion (Zot:3)
  An anaconda simulacrum (IceCv)
  4 komodo dragons
  A golden dragon simulacrum (Depths:4)
  A tormentor (Depths:1)
  22 yaktaurs
  Psyche (D:8)
  10 trolls
  A hellwing (D:11)
  A tengu simulacrum (Vaults:5)
  5 hornets
  20 merfolk
  2 polar bears
  Prince Ribbit (Lair:2)
  4 wind drakes
  5 snapping turtles
  A tarantella (Vaults:2)
  41 saltlings
  29 blink frogs
  2 glass eyes (Depths:3)
  A spriggan zombie (Depths:1)
  3 jumping spiders (Zot:2)
  10 dream sheep
  2 raiju (Lair:5)
  A culicivora (shapeshifter) (Lair:5)
  A jumping spider (shapeshifter) (Vaults:5)
  Sigmund (D:5)
  A dire elephant simulacrum (IceCv)
  4 wraiths
  4 shadows
  31 slime creatures
  11 water elementals
  A spriggan (shapeshifter) (D:10)
  2 vampires
  3 ynoxinuls (Lair:5)
  7 spriggans
  59 yaks
  4 wyverns
  6 fire bats (D:10)
  A basilisk (shapeshifter) (D:10)
  4 wargs
  4 vampire mosquitoes (D:11)
  7 basilisks
  4 death yak simulacra (IceCv)
  A warg (shapeshifter) (D:13)
  Grum (Lair:1)
  A steam dragon (D:7)
  A chaos spawn (Lair:5)
  40 nagas
  2 acid dragons
  2 hydra simulacra (IceCv)
  2 human simulacra (Vaults:5)
  9 water moccasins
  A glowing shapeshifter skeleton (Depths:1)
  4 sky beasts
  19 orc warriors
  7 ice beasts
  4 laughing skulls
  A black bear (shapeshifter) (D:10)
  5 black bears
  20 ogres
  16 wolves
  A boggart (shapeshifter) (D:13)
  6 centaurs
  3 kobold brigands
  13 bullfrogs
  A gnoll sergeant (D:11)
  A scorpion (D:4)
  A glowing shapeshifter simulacrum (Depths:4)
  9 small abominations (Lair:5)
  2 cane toad simulacra (IceCv)
  A two-headed ogre simulacrum (IceCv)
  3 wights
  An elephant simulacrum (IceCv)
  6 killer bees (D:9)
  2 electric eels
  7 howler monkeys
  A bombardier beetle (D:4)
  A gnoll bouda (D:8)
  5 hounds
  2 jellies
  14 orc priests
  Jessica (D:2)
  5 iguanas
  29 orc wizards
  4 troll simulacra (IceCv)
  2 polar bear simulacra (IceCv)
  9 spriggan simulacra (IceCv)
  A wolf simulacrum (IceCv)
  3 crocodile zombies (Ossuary)
  3 mummies (Ossuary)
  2 adders
  17 gnolls
  7 naga simulacra (IceCv)
  A shadow imp (D:6)
  8 white imps
  11 ufetubi (IceCv)
  3 ribbon worms
  65 orcs
  3 ball pythons
  2 endoplasms
  A giant cockroach (D:3)
  8 goblins
  8 hobgoblins
  22 kobolds
  8 quokkas
  3 bats
  3 frilled lizards
  4 gnoll zombies (Ossuary)
  5 kobold zombies (Ossuary)
  A rat (D:3)
  An aspiring flesh (Zot:2)
  4 tentacles (Shoals:2)
1884 creatures vanquished.

Vanquished Creatures (others)
  A draconian stormcaller (Zot:3)
  A yellow draconian (Zot:4)
  A deep troll (Vaults:1)
  A spriggan (Depths:2)
  An orc wizard (D:12)
  An orc (D:12)
  12 tentacles
18 creatures vanquished.

Grand Total: 1902 creatures vanquished

Notes
Turn   | Place    | Note
-------+----------+-------------------------------------------
     0 | D:1      | Flugkiller the Troll Shapeshifter began the quest for the
                  | Orb.
     0 | D:1      | Reached XP level 1. HP: 18/18 MP: 0/0
     8 | D:1      | Reached skill level 1 in Fighting
   183 | D:1      | Found a faded altar of an unknown god.
   194 | D:1      | Reached XP level 2. HP: 27/27 MP: 1/1
   653 | D:2      | Noticed Jessica
   772 | D:2      | Reached XP level 3. HP: 34/35 MP: 2/2
   836 | D:2      | Killed Jessica
   837 | D:2      | Reached skill level 4 in Unarmed Combat
  1113 | D:3      | Reached XP level 4. HP: 35/42 MP: 3/3
  1207 | D:3      | Reached skill level 5 in Unarmed Combat
  1217 | D:3      | Reached XP level 5. HP: 32/49 MP: 4/4
  1363 | D:3      | Found Ezuas's General Store.
  1499 | D:4      | You fall into a shaft and drop 3 floors!
  1523 | D:7      | Noticed a sky beast
  1541 | D:7      | Killed a sky beast
  1542 | D:7      | Reached skill level 6 in Unarmed Combat
  1562 | D:7      | Noticed an ice beast
  1574 | D:7      | Killed an ice beast
  1575 | D:7      | Reached XP level 6. HP: 61/61 MP: 5/5
  1587 | D:7      | Noticed a steam dragon
  1713 | D:7      | Found a flagged portal.
  1720 | Bailey   | Entered a bailey
  1768 | Bailey   | Noticed an orc warrior
  1783 | Bailey   | Killed an orc warrior
  1784 | Bailey   | Reached XP level 7. HP: 37/68 MP: 6/6
  1813 | Bailey   | Noticed an orc knight
  1884 | Bailey   | Killed an orc knight
  1885 | Bailey   | Reached skill level 7 in Unarmed Combat
  1885 | Bailey   | Reached skill level 5 in Fighting
  1885 | Bailey   | Reached XP level 8. HP: 46/80 MP: 7/7
  1944 | Bailey   | Found a large runed translucent door.
  1944 | Bailey   | Found a large runed translucent door.
  1950 | Bailey   | Noticed a deep elf zephyrmancer
  2041 | Bailey   | Killed a deep elf zephyrmancer
  2042 | Bailey   | Reached skill level 8 in Unarmed Combat
  2043 | Bailey   | Found the +2 hat of the Bear Spirit {Spirit, Bear, *Rage
                  | Will++}
  2326 | D:7      | Noticed a two-headed ogre
  2407 | D:6      | Reached XP level 9. HP: 92/92 MP: 3/8
  2436 | D:6      | Found Xogukoq's Antique Weapon Shoppe.
  2484 | D:6      | Found a sand-covered staircase.
  2493 | Ossuary  | Entered an ossuary
  2587 | Ossuary  | Reached skill level 9 in Unarmed Combat
  2980 | D:6      | Noticed a komodo dragon
  3016 | D:5      | Entered Level 5 of the Dungeon
  3204 | D:5      | Noticed Sigmund
  3212 | D:5      | Killed Sigmund
  3777 | D:4      | Identified the ring of Geekycva {rCorr Str+3}
  3871 | D:4      | Found a staircase to the Ecumenical Temple.
  3880 | Temple   | Entered the Ecumenical Temple
  3920 | Temple   | Became a worshipper of the Wu Jian Council
  4383 | D:6      | Killed a komodo dragon
  4384 | D:6      | Reached skill level 10 in Unarmed Combat
  4872 | D:7      | Killed a two-headed ogre
  4873 | D:7      | Reached XP level 10. HP: 106/106 MP: 4/9
  5098 | D:7      | Reached * piety under Wu Jian
  5261 | D:8      | Noticed a two-headed ogre
  5276 | D:8      | Killed a two-headed ogre
  5277 | D:8      | Reached skill level 11 in Unarmed Combat
  5433 | D:8      | Got the Book of Charms and Company
  5442 | D:8      | Noticed Psyche
  5447 | D:8      | Killed Psyche
  5696 | D:8      | Found a shimmering altar of Xom.
  5696 | D:8      | Found a hide-covered altar of Uskayaw.
  5915 | D:9      | Noticed Maggie
  5921 | D:9      | Killed Maggie
  6087 | D:9      | Reached ** piety under Wu Jian
  6509 | D:9      | Noticed Erica
  6520 | D:9      | Killed Erica
  6521 | D:9      | Reached skill level 12 in Unarmed Combat
  6752 | D:10     | Entered Level 10 of the Dungeon
  6832 | D:10     | Reached skill level 10 in Fighting
  6832 | D:10     | Reached XP level 11. HP: 117/117 MP: 7/10
  7205 | D:10     | Noticed a deep elf pyromancer
  7214 | D:10     | Killed a deep elf pyromancer
  7512 | D:10     | Noticed a two-headed ogre
  7520 | D:10     | Killed a two-headed ogre
  7584 | D:10     | Reached skill level 13 in Unarmed Combat
  7650 | D:10     | Noticed a deep elf archer
  7650 | D:10     | Noticed a deep elf archer
  7688 | D:10     | Killed a deep elf archer
  7720 | D:10     | Killed a deep elf archer
  7782 | D:10     | Reached *** piety under Wu Jian
  7849 | D:10     | Noticed a deep elf pyromancer
  7852 | D:10     | Killed a deep elf pyromancer
  7974 | D:10     | Noticed an entropy weaver
  8633 | D:11     | Reached XP level 12. HP: 130/130 MP: 8/11
  8817 | D:11     | Found a staircase to the Orcish Mines.
  8847 | D:11     | Noticed Fannar
  8966 | D:11     | Killed Fannar
  8967 | D:11     | Reached skill level 14 in Unarmed Combat
  9040 | D:11     | Noticed Maurice
  9043 | D:11     | Maurice stole a phantom mirror
  9048 | D:11     | Killed Maurice
  9228 | D:11     | Found Udietwili's Fire Supplies.
  9281 | D:11     | Bought a +2 cloak of fire resistance for 322 gold pieces
  9356 | D:11     | Noticed Erolcha
  9361 | D:11     | Killed Erolcha
  9573 | D:11     | Found a staircase to the Lair.
  9597 | D:11     | Reached **** piety under Wu Jian
  9811 | Lair:1   | Entered Level 1 of the Lair of Beasts
  9811 | Lair:1   | Noticed Grum
  9814 | Lair:1   | Killed Grum
  9932 | Lair:1   | Noticed a catoblepas
  9940 | Lair:1   | Killed a catoblepas
  9999 | Lair:1   | Reached skill level 5 in Shields
 10143 | Lair:1   | Found a runed translucent door.
 10144 | Lair:1   | Noticed Uvurr's ghost (journeyman AtWr)
 10149 | Lair:1   | Identified the +7 trident "Concordance" {heavy, rPois Will+
                  | rCorr}
 10424 | Lair:1   | Noticed Harold
 10430 | Lair:1   | Killed Harold
 10479 | Lair:1   | Noticed Jeremiah
 10489 | Lair:1   | Killed Jeremiah
 10737 | Lair:1   | Killed Uvurr's ghost
 10874 | Lair:2   | Reached skill level 10 in Shields
 10874 | Lair:2   | Reached XP level 13. HP: 139/139 MP: 12/12
 10954 | Lair:2   | Found a frozen archway.
 10968 | Lair:2   | Identified a scroll of acquirement
 10975 | Lair:2   | Reached XP level 14. HP: 149/149 MP: 11/13
 11016 | Lair:2   | Reached ***** piety under Wu Jian
 11022 | Lair:2   | Noticed Prince Ribbit
 11088 | Lair:2   | Killed Prince Ribbit
 11130 | IceCv    | Entered an ice cave
 11207 | IceCv    | Reached skill level 15 in Unarmed Combat
 11276 | IceCv    | Identified the scarf of Dim Light {harm, rN+ Int+2}
 11861 | IceCv    | Found the +4 skin of Zhor {*Englaciate rC+++ SInv}
 11924 | IceCv    | Got the Monograph on Graupel
 12259 | Lair:2   | Found a staircase to the Snake Pit.
 12434 | Lair:2   | Found a staircase to the Shoals.
 12469 | Lair:2   | Identified the +2 leather armour of Yesterday {^Contam
                  | rPois Dex-5 SInv}
 12847 | Lair:3   | Reached skill level 1 in Throwing
 13338 | Lair:3   | Reached ****** piety under Wu Jian
 13648 | Lair:3   | Reached skill level 5 in Throwing
 14473 | Lair:4   | Found a staircase to the Slime Pits.
 15180 | Lair:5   | Entered Level 5 of the Lair of Beasts
 15700 | Lair:5   | Reached XP level 15. HP: 161/161 MP: 14/14
 16493 | Lair:5   | Found a corrupted altar of Lugonu.
 16493 | Lair:5   | Found a one-way gate to the infinite horrors of the Abyss.
 17131 | Orc:1    | Entered Level 1 of the Orcish Mines
 17174 | Orc:1    | You fall into a shaft and drop 1 floor!
 17174 | Orc:2    | Entered Level 2 of the Orcish Mines
 17349 | Orc:2    | Found Cikhluewy's Antique Armour Boutique.
 17350 | Orc:2    | Found Foesk's Assorted Antiques.
 17593 | Orc:2    | Found Luir's Distillery.
 17598 | Orc:2    | Found Qaky's Weapon Emporium.
 17639 | Orc:2    | Bought a potion of cancellation for 96 gold pieces
 17639 | Orc:2    | Bought a potion of cancellation for 96 gold pieces
 17644 | Orc:2    | Bought a scroll of blinking for 270 gold pieces
 17876 | Orc:2    | Found a staircase to the Elven Halls.
 18124 | Orc:1    | Found Nuezupith's General Store.
 18219 | Orc:1    | Bought a potion of heal wounds for 60 gold pieces
 18249 | Orc:2    | Acquired the +1 hat "Bocyneix" {Int+3}
 18250 | Orc:2    | Acquired a +2 kite shield of protection
 18418 | D:12     | Found a runed translucent door.
 18420 | D:12     | Noticed a tengu reaver
 18649 | D:12     | Reached skill level 10 in Throwing
 18910 | D:12     | Reached skill level 15 in Fighting
 18914 | D:12     | Noticed a fire giant
 18965 | D:12     | Killed a fire giant
 18974 | D:12     | Got the Catalogue of Apparitions and Corpses
 18976 | D:12     | Got Badilan's Incunabulum of Exothermic Locality
 20307 | D:14     | Reached XP level 16. HP: 161/176 MP: 12/15
 20321 | D:14     | Found a gate to the Vaults.
 20378 | D:14     | Reached skill level 16 in Unarmed Combat
 20714 | D:14     | Noticed Uzxid's ghost (journeyman MfGl)
 20720 | D:14     | Found a transporter.
 20752 | D:14     | Found a transporter.
 20761 | D:14     | Found a bloodstained altar of Trog.
 20826 | D:14     | Found a white marble altar of Elyvilon.
 20965 | D:15     | Entered Level 15 of the Dungeon
 21140 | D:15     | Noticed Nessos
 21153 | D:15     | Found a staircase to the Depths.
 21183 | D:15     | Killed Nessos
 21332 | D:15     | Reached skill level 17 in Unarmed Combat
 21559 | D:15     | Found Aretyapa's Antique Armour Boutique.
 22094 | D:15     | Acquired a manual of Unarmed Combat
 22261 | Snake:1  | Entered Level 1 of the Snake Pit
 22264 | Snake:1  | Reached skill level 18 in Unarmed Combat
 22560 | Snake:1  | Reached skill level 19 in Unarmed Combat
 22614 | Snake:1  | Found Zerenoar's Antique Armour Emporium.
 23173 | Snake:1  | You fall into a shaft and drop 1 floor!
 23204 | Snake:2  | Identified the serpent talisman of the Snake Pit {rCorr
                  | Stlth+}
 23204 | Snake:2  | Noticed Aizul
 23218 | Snake:2  | Killed Aizul
 23595 | Snake:1  | Reached skill level 20 in Unarmed Combat
 23690 | Snake:1  | Found a shimmering blue altar of Sif Muna.
 24140 | Snake:2  | Reached skill level 21 in Unarmed Combat
 24143 | Snake:2  | Reached XP level 17. HP: 184/184 MP: 9/16
 24338 | Snake:2  | Noticed Vashnia
 24344 | Snake:2  | Killed Vashnia
 24348 | Snake:2  | Reached skill level 22 in Unarmed Combat
 24457 | Snake:2  | Noticed Frances
 24465 | Snake:2  | Killed Frances
 24965 | Snake:2  | Found a sparkling altar of Nemelex Xobeh.
 25606 | Snake:3  | Reached skill level 23 in Unarmed Combat
 25698 | Snake:3  | Identified the +0 robe "Gutsezxonn" {rPois}
 26304 | Snake:4  | Entered Level 4 of the Snake Pit
 26575 | Snake:4  | Reached skill level 24 in Unarmed Combat
 26604 | Snake:4  | Reached XP level 18. HP: 145/193 MP: 15/17
 27373 | Snake:4  | Got a serpentine rune of Zot
 27599 | Shoals:1 | Entered Level 1 of the Shoals
 28350 | Shoals:2 | Noticed Polyphemus
 28363 | Shoals:2 | Killed Polyphemus
 28418 | Shoals:2 | Noticed Mlioglotl
 28426 | Shoals:2 | Killed Mlioglotl
 29400 | Shoals:3 | Identified the +0 robe "Torihai" {rN+}
 30022 | Shoals:4 | Entered Level 4 of the Shoals
 30117 | Shoals:4 | Found Jaseb's General Store.
 30174 | Shoals:4 | Reached XP level 19. HP: 206/206 MP: 0/18
 30227 | Shoals:4 | Bought 2 potions of heal wounds for 100 gold pieces
 30227 | Shoals:4 | Bought a scroll of summoning for 95 gold pieces
 30227 | Shoals:4 | Bought a scroll of revelation for 75 gold pieces
 30762 | Shoals:4 | Got a barnacled rune of Zot
 30976 | Vaults:1 | Entered Level 1 of the Vaults
 31087 | Vaults:1 | Paralysed by a formless jellyfish for 1 turns
 31497 | Vaults:1 | Noticed Asterion
 31516 | Vaults:1 | Killed Asterion
 31947 | Vaults:1 | Identified the ring "Nibuowk" {^Drain Str+6 Int+8 SInv
                  | Stlth-}
 32103 | Vaults:1 | Found Osiannoq's Antique Armour Shoppe.
 32110 | Vaults:1 | Bought pitted quicksilver dragon scales for 2210 gold
                  | pieces
 32110 | Vaults:1 | Identified the quicksilver dragon scales of Fortitude
                  | {Will+ Dex+6} (You bought it in a shop on level 1 of the
                  | Vaults)
 32351 | Vaults:2 | Reached skill level 1 in Armour
 33240 | Vaults:2 | Found Zeivvall's Armour Shop.
 33618 | Vaults:3 | Reached XP level 20. HP: 218/218 MP: 17/19
 33642 | Vaults:3 | Reached skill level 5 in Dodging
 33773 | Vaults:3 | Reached skill level 5 in Armour
 33839 | Vaults:3 | Found a staircase to the Crypt.
 33839 | Vaults:3 | Found an ancient bone altar of Kikubaaqudgha.
 33840 | Vaults:3 | Found a basalt altar of Yredelemnul.
 34741 | Vaults:4 | Found a crumbling gateway.
 34748 | Desolati | Entered the Desolation of Salt
 34797 | Desolati | Found the +3 salamander hide armour {Flames, rFlCloud rF++
                  | rC--}
 34827 | Desolati | Found the +3 pair of mountain boots {steadfast, rC+}
 34837 | Desolati | Got the Meditations on Vexing Rallying
 34851 | Desolati | Identified the ring "Amin" {rF++ Will+ Str+3 Int+2 Stlth+}
 35068 | Desolati | Got the Papyrus of Misty Abominable Rites
 35168 | Desolati | Identified the +3 flail "Spiderslayer" {flame, Int+3}
 35200 | Desolati | Identified the +4 longbow of Prudence {elec, rN++}
 35208 | Desolati | Identified the +8 battleaxe "Ewokluc" {spect, rC++ Str+3}
 35608 | Vaults:4 | Noticed Sojobo
 35614 | Vaults:4 | Killed Sojobo
 36822 | Depths:1 | Entered Level 1 of the Depths
 36822 | Depths:1 | Found a one-way gateway to a ziggurat.
 36884 | Depths:1 | Found a gateway to Hell.
 37014 | Depths:1 | Found Zin's Purification Station.
 37016 | Depths:1 | Found a glowing silver altar of Zin.
 37049 | Depths:1 | Reached XP level 21. HP: 228/228 MP: 18/20
 37114 | Depths:1 | Found a one-way gate leading to the halls of Pandemonium.
 37312 | Depths:1 | Noticed a dread lich
 37325 | Depths:1 | Killed a dread lich
 37672 | Depths:2 | Reached skill level 15 in Throwing
 38844 | Depths:3 | Noticed a golden dragon
 38849 | Depths:3 | Killed a golden dragon
 38882 | Depths:3 | Noticed a golden dragon
 38900 | Depths:3 | Killed a golden dragon
 39422 | Depths:3 | Found a corrupted altar of Lugonu.
 39772 | Depths:3 | Noticed Vv
 39785 | Depths:3 | Reached skill level 10 in Armour
 39804 | Depths:3 | Killed Vv
 39955 | Depths:3 | Reached XP level 22. HP: 239/239 MP: 18/21
 40192 | Depths:3 | Found a burning altar of Makhleb.
 40326 | Depths:3 | Noticed a golden dragon
 40330 | Depths:3 | Found a runed translucent door.
 40343 | Depths:3 | Noticed a caustic shrike
 40457 | Depths:3 | Killed a caustic shrike
 40585 | Depths:3 | Identified the +0 war axe of the Skies Above {elec,
                  | ^Fragile Fly rN+++ Str+2}
 40589 | Depths:3 | Identified the +7 morningstar "Idom" {freeze, Str+3 Int+4}
 40620 | Depths:3 | Killed a golden dragon
 40746 | Depths:4 | Entered Level 4 of the Depths
 40768 | Depths:4 | Identified the ring "Dugoxet" {Ice *Slow Str+3 Int+3 SInv}
 40768 | Depths:4 | Noticed Josephina
 41599 | Depths:3 | Killed Josephina
 41878 | Depths:4 | Noticed a golden dragon
 41879 | Depths:4 | Found a gate to the Realm of Zot.
 41888 | Depths:4 | Killed a golden dragon
 42566 | Vaults:5 | Entered Level 5 of the Vaults
 42684 | Vaults:5 | Found the +4 consecrated labrys {holy, Valiant ^Fragile Fly
                  | SInv}
 42690 | Vaults:5 | Got Hearafor's Enchiridion on the Shot and the Geodesic
 42706 | Vaults:5 | Identified the ring "Valumi" {rElec rC+ rN+ Int+4 SInv}
 43139 | Vaults:5 | Acquired a manual of Armour
 43203 | Vaults:5 | Reached XP level 23. HP: 252/252 MP: 22/22
 43215 | Vaults:5 | Got a silver rune of Zot
 44486 | Zot:1    | Entered Level 1 of the Realm of Zot
 44628 | Zot:1    | Found a runed translucent door.
 44629 | Zot:1    | Found a shimmering altar of Xom.
 44629 | Zot:1    | Noticed Nanua's ghost (legendary GnRe)
 44629 | Zot:1    | Identified the +7 battleaxe of Fate {chaos, rN+ rCorr Int-2
                  | Stlth+}
 44841 | Zot:2    | Noticed a Killer Klown
 45000 | Zot:2    | Killed a Killer Klown
 45216 | Zot:4    | Noticed a curse toe
 45610 | Zot:4    | Reached skill level 25 in Unarmed Combat
 45804 | Zot:5    | Entered Level 5 of the Realm of Zot
 46020 | Zot:5    | Reached XP level 24. HP: 265/265 MP: 22/22
 46350 | Zot:5    | Noticed a dread lich
 46369 | Zot:5    | Killed a dread lich
 46447 | Zot:5    | Noticed an ancient lich
 46456 | Zot:5    | Killed an ancient lich
 46502 | Zot:5    | Noticed an ancient lich
 46505 | Zot:5    | Killed an ancient lich
 46505 | Zot:5    | Reached skill level 26 in Unarmed Combat
 46538 | Zot:5    | Noticed a Killer Klown
 46547 | Zot:5    | Killed a Killer Klown
 46623 | Zot:5    | Noticed a dread lich
 46642 | Zot:5    | Killed a dread lich
 46699 | Zot:5    | Noticed an orb of fire
 46699 | Zot:5    | Gained mutation: You are dopey. (Int -2) [an orb of fire]
 46703 | Zot:5    | Killed an orb of fire
 46710 | Zot:5    | Noticed an ancient lich
 46711 | Zot:5    | Noticed an orb of fire
 46711 | Zot:5    | Noticed an ancient lich
 46712 | Zot:5    | Killed an ancient lich
 46717 | Zot:5    | Killed an orb of fire
 46720 | Zot:5    | Killed an ancient lich
 46730 | Zot:5    | Noticed a dread lich
 46731 | Zot:5    | Reached skill level 27 in Unarmed Combat
 46734 | Zot:5    | Killed a dread lich
 46762 | Zot:5    | Got the Orb of Zot
 46870 | Zot:3    | Identified the orb of Ociol {light, ^Contam Regen+ Dex-5
                  | Tloc}
 47055 | Depths:1 | Noticed Dabrokli the pandemonium lord
 47134 | D:11     | Noticed Neal the pandemonium lord
 47142 | D:11     | Killed Neal the pandemonium lord
 47375 | D:1      | gg
 47376 | D:$      | Escaped with the Orb!

Illustrated notes

#.###... #.....>. #.###..#
#.###... #..##... ## ♣♣♣♣♣
#..##... .# ♣♣.♣.♣♣♣♣♣♣#..###..
.# ♣♣♣♣♣.[..♣♣...♣#..#####
.########♣♣.♣♣..@........#.....##
........#.♣...♣....♣♣.(♣...###.#.
.######......♣♣.♣♣♣♣.♣♣♣♣### #.#.
.# #...♣♣.♣♣♣♣ ♣♣♣ #... .#
###♣.♣♣♣ #... .# ♣♣♣ ###. .#
#######. .# #....... .# #####
########


Turn 47375 on D:1: gg

Levels and vault maps discovered:
D:1:      roderic_dead_forest, layout_basic,
          hellmonk_ecumenical_altar_pennies_from_heaven
D:2:      layout_rooms, kennysheep_generic_room_15, uniq_jessica
D:3:      layout_rooms, serial_shops, shop
D:4:      layout_loops_ring, minmay_temple_entry_hall
D:5:      layout_rooms, uniq_sigmund
D:6:      layout_rooms, nicolae_ossuary_entry_monument, minivault_10,
          wad_floor_pattern_1, kennysheep_small_circle
D:7:      layout_cave_pools, enter_bailey_3
D:8:      layout_cave_pools, gammafunk_temple_overflow_statue,
          supply_closet_lemuel, minmay_crossroads, uniq_psyche
D:9:      layout_loops_corners, dreamdust_wishing_well, uniq_maggie, uniq_erica
D:10:     dpeg_index_elf_rogue_hall, layout_long_grid, serial_glass,
          glass_columns_a, glass_columns_b
D:11:     layout_stronghold, erik_lair_orcish_takeover, orc_0_dummy,
          nicolae_shop_fire_sale [nicolae_sub_dead_trees], uniq_fannar,
          uniq_maurice, uniq_erolcha
D:12:     cross_vault, layout_small_grid, minmay_st_funbox
D:13:     layout_grid_maze
D:14:     layout_big_octagon, hellmonk_vaults_order_and_chaos,
          gammafunk_ghost_wrathful_warriors, nicolae_elyvilon_peaceful_grove,
          nicolae_letterblocks [nicolae_letter_subblock,
          nicolae_letter_subblock, nicolae_letter_subblock,
          nicolae_letter_subblock, nicolae_letter_subblock,
          nicolae_letter_subblock, nicolae_letter_subblock,
          nicolae_letter_subblock, nicolae_letter_subblock,
          nicolae_letter_subblock, nicolae_letter_subblock,
          nicolae_letter_subblock, nicolae_letter_subblock,
          nicolae_letter_subblock, nicolae_letter_subblock,
          nicolae_letter_subblock, nicolae_letter_subblock,
          nicolae_letter_subblock, nicolae_letter_subblock,
          nicolae_letter_subblock, nicolae_letter_subblock,
          nicolae_letter_subblock, nicolae_letter_subblock,
          nicolae_letter_subblock, nicolae_letter_subblock]
D:15:     gammafunk_depths_entry_grave, layout_gridville, serial_shops, shop,
          nicolae_concentric_dashed_squares_mild, serial_undead,
          serial_undead_d, serial_undead_b, serial_undead_f, serial_undead_a,
          uniq_nessos
Temple:   mainiacjoe_temple_cubbyholes
Lair:1:   layout_roguey, ebering_ghost_funeral_grove, uniq_grum, uniq_jeremiah,
          uniq_harold
Lair:2:   layout_big_grid, minmay_shoals_entry_beasts, dummy_snake_entry,
          portal_ice_cave_entry_pillars_1, grunt_megastairs_5,
          uniq_prince_ribbit2
Lair:3:   layout_chaotic_city, bh_autumn_forest_stairs,
          nicolae_quartered_pool_impasse, chequers_serial_rivers_micro_b,
          serial_bayou_shore_b
Lair:4:   layout_regular_city, slime_entry_1
Lair:5:   hellmonk_lair_end_abyssal_woods, layout_cave_pods,
          serial_bayou_ford_a, grunt_forest_small_clearings
Shoals:1: layout_shoals, shoals_oasis
Shoals:2: argonaut_golden_fleece, layout_shoals, nicolae_shoals_secluded_bog,
          uniq_polyphemus, uniq_mlioglotl
Shoals:3: layout_shoals, nicolae_shoals_isolated_beach
Shoals:4: shoals_end_grunt_ice, layout_shoals, serial_shops,
          nicolae_shop_temple_entry_statues_fountains
Snake:1:  layout_layer_cave, serial_shops, nicolae_shop_real_fake_doors,
          grunt_ministairs_9, serial_library_hellmonk_statue_hall,
          nicolae_snake_salamander_stairs
Snake:2:  hangedman_cross_veins, layout_grid_maze, basic_altar, uniq_frances,
          uniq_vashnia, uniq_aizul
Snake:3:  layout_basic, nicolae_snake_serpentine_hallways
Snake:4:  grunt_snake_rune_spirals, layout_onion_interference,
          serial_bayou_shore_a
Orc:1:    layout_diamond_mine, serial_shops, nicolae_shop_waterfront
Orc:2:    st_orc_open, layout_caves
Vaults:1: v_misc_13, v_misc_16, nicolae_vaults_closet_pinwheel_1,
          nicolae_vaults_network_square, nicolae_vaults_double_plus_2,
          v_misc_24, nicolae_vaults_trapezoid_lopsided_1,
          nicolae_vaults_mitosis, v_misc_8, vaults_mumra_hex,
          serial_library_hellmonk_open_cross, nicolae_vaults_ring_of_whatevers,
          nicolae_vaults_heart-shaped_vault, layout_vaults_maze_snakey,
          serial_shops, shop, uniq_asterion
Vaults:2: nicolae_vaults_windows_and_doors_thing, hangedman_vaults_slice,
          hangedman_vaults_nails, nicolae_vaults_sesquioval_fish,
          nicolae_vaults_surprise_closet, ontoclasm_vaults_gallery,
          vaults_room_pools, nicolae_vaults_offset_grid_hallway_3,
          nicolae_vaults_wine_cellar, nicolae_vaults_double_plus_1,
          layout_vaults_omnigrid, serial_shops, nicolae_shop_waterfront
Vaults:3: nicolae_vaults_sealed_display, minmay_crypt_entry_necro_gods,
          ontoclasm_vaults_decontamination, nicolae_vaults_stepped_doors,
          hangedman_vaults_snaps, ontoclasm_vaults_ligature,
          grunt_vaults_funnel, hangedman_vaults_corner, v_misc_9,
          vaults_dpeg_cross, grunt_vaults_hallway_long,
          nicolae_vaults_apartment_1, layout_vaults_ring
Vaults:4: portal_desolation_entry_nicolae_nacl, vaults_dpeg_doors,
          nicolae_vaults_murderbox, ontoclasm_vaults_tryst,
          nicolae_vaults_asterisk, nicolae_vaults_trapezoid_1, v_misc_27,
          nicolae_vaults_circle_grid_a, layout_vaults_chaotic_city, uniq_sojobo
Vaults:5
Depths:1: hellmonk_paralyzer, layout_cave_pools, enter_ziggurat_d,
          rand_demon_pan_entry_8, hangedman_abyss_or_decor_stabs,
          hangedman_coc_ice_floe, zin_purify, firewood_loft
Depths:2: dreamdust_experimentation, layout_small_grid, hell_entry, pan_entry,
          hangedman_abyss_entry_splay, nicolae_twisting_strands
Depths:3: minmay_the_grid_triangle_9x9_rhombus_full
          [minmay_the_grid_triangle_9x9_pentomino_pain,
          minmay_the_grid_triangle_9x9_intruding_spiral,
          minmay_the_grid_triangle_9x9_zippers_horizontal,
          minmay_the_grid_triangle_9x9_shrine,
          minmay_the_grid_triangle_9x9_stretched_checkered,
          minmay_the_grid_triangle_9x9_subtriangle,
          minmay_the_grid_triangle_9x9_corruption,
          minmay_the_grid_triangle_9x9_prize_insulated], layout_cave_shapes,
          grunt_mini_vestibule, minmay_misc_feat_chi, abyss_entry_flame_altar,
          chequers_serial_rivers_small_b, infiniplex_staircase_zigzag_5, uniq_vv
Depths:4: grunt_zot_entry_alcove, layout_cave_pools, grunt_hell_entry_dis_old,
          columned_hall_lemuel, corner_web_ring, uniq_josephina
Zot:1:    grunt_twist_and_shout, layout_onion, ebering_ghost_xom
Zot:2:    layout_cathedral_of_symmetry, regret_index_zotdec_banners
Zot:3:    layout_basic, st_stairs_4
Zot:4:    layout_basic
Zot:5:    layout_twisted_circle

Skill      XL: |  1  2  3  4  5  6  7  8  9 10 11 12 13 14 15 16 17 18 19 20 21 22 23 24 |
---------------+-------------------------------------------------------------------------+-----
Fighting       | 1 2 3 5 6 8 10 11 12 13 15 16 17 18 19 20 | 20.9
Unarmed Combat | 4 5 6 7 8 10 12 13 14 15 21 24 25 27 | 27.0
Shapeshifting  | 4 |  4.7
Shields        | 10 11 12 13 | 13.0
Throwing       | 7 10 12 14 16 17 18 | 18.0
Dodging        | 4 7 8 |  8.0
Armour         | 4 7 10 12 14 | 14.0

Action                     |  1- 3 |  4- 6 |  7- 9 | 10-12 | 13-15 | 16-18 | 19-21 | 22-24 || total
---------------------------+-------+-------+-------+-------+-------+-------+-------+-------++-------
  Melee: Unarmed           |    68 |    67 |   277 |   470 |   987 |  1161 |  1437 |  1369 ||  5836
         Punch             |     3 |     1 |    15 |    18 |       |       |       |       ||    37
  Throw: Boomerang         |       |       |       |       |       |     6 |       |       ||     6
 Invoke: Serpent's Lash    |       |       |       |     1 |     4 |    16 |    14 |    20 ||    55
         Heavenly Storm    |       |       |       |       |     1 |     4 |     1 |     2 ||     8
Ability: Lunge             |       |       |     4 |    53 |    54 |   122 |   120 |    98 ||   451
         Whirlwind         |       |       |       |    39 |    44 |   272 |   267 |   242 ||   864
  Evoke: Wand              |       |     3 |     3 |       |       |     3 |     1 |     1 ||    11
    Use: Scroll            |       |     3 |     7 |     5 |    13 |     3 |     7 |    12 ||    50
         Potion            |       |       |     5 |     3 |     3 |       |       |       ||    11
   Stab: Distracted        |       |       |     1 |     1 |       |       |       |       ||     2
         Sleeping          |       |       |     1 |       |       |       |       |       ||     1
 Armour: Animal skin       |    37 |    35 |   195 |    50 |       |       |       |       ||   317
         Skin              |       |       |    16 |       |    33 |       |       |       ||    49
         Swamp dragon scal |       |       |       |   242 |   463 |   701 |   128 |       ||  1534
         Quicksilver drago |       |       |       |       |       |       |   322 |       ||   322
         Gold dragon scale |       |       |       |       |       |       |    87 |   560 ||   647
  Dodge: Dodged            |    26 |    24 |    80 |   117 |   177 |   191 |   272 |   192 ||  1079
  Block: Kite shield       |       |       |       |    42 |   422 |   508 |   166 |   563 ||  1701
         Tower shield      |       |       |       |       |       |       |   467 |       ||   467
         Reflection        |       |       |       |       |       |       |       |    22 ||    22
         Form:             |       |       |     1 |       |       |       |       |       ||     1

Table legend: (Time is in decaauts)
 A = Elapsed time spent in this place.
 B = Non-inter-level travel time spent in this place.
 C = Inter-level travel time spent in this place.
 D = Time resting spent in this place.
 E = Time spent auto-exploring this place.
 F = Levels seen in this place.
 G = Mean time per level.
                   A        B        C        D        E       F      G
               +--------+--------+--------+--------+--------+-----+--------+
         Total |  48011 |  43607 |   4404 |   7835 |  23851 |  49 |  979.8 |
       Dungeon |  14233 |  12556 |   1677 |   1822 |   7824 |  15 |  948.9 |
        Temple |     76 |     41 |     35 |      0 |      0 |   1 |   76.0 |
          Lair |   6228 |   5509 |    719 |    787 |   3499 |   5 | 1245.6 |
        Shoals |   3440 |   3118 |    322 |    517 |   1803 |   4 |  860.0 |
     Snake Pit |   5372 |   5165 |    207 |   1038 |   2906 |   4 | 1343.0 |
  Orcish Mines |   1199 |   1077 |    122 |    189 |    553 |   2 |  599.5 |
        Vaults |   7045 |   6493 |    552 |   1203 |   3634 |   5 | 1409.0 |
        Depths |   5570 |   4970 |    600 |   1258 |   2265 |   4 | 1392.5 |
           Zot |   2366 |   2200 |    166 |    564 |    560 |   5 |  473.2 |
       Ossuary |    153 |    153 |      0 |     37 |     38 |   1 |  153.0 |
        Bailey |    509 |    509 |      0 |    121 |     59 |   1 |  509.0 |
      Ice Cave |   1118 |   1118 |      0 |    229 |    417 |   1 | 1118.0 |
    Desolation |    697 |    697 |      0 |     64 |    291 |   1 |  697.0 |
               +--------+--------+--------+--------+--------+-----+--------+

Top non-repeatable levels by time:
Depths:3: 2354 daAuts
    D:10: 1912 daAuts
  Lair:5: 1843 daAuts
 Snake:1: 1670 daAuts
Vaults:5: 1654 daAuts
    D:11: 1548 daAuts
 Snake:2: 1491 daAuts
Vaults:4: 1460 daAuts
Vaults:1: 1363 daAuts
Vaults:2: 1337 daAuts
Depths:2: 1322 daAuts
  Lair:1: 1305 daAuts
Vaults:3: 1230 daAuts
 Snake:3: 1197 daAuts
    D:15: 1182 daAuts
